[Event "January 9 Early 2024"]
[Site "https://www.chess.com"]
[Date "2024.01.11"]
[Round "4"]
[White "Mihajlovskij, Sergei"]
[Black "Krivenko, Dion"]
[Result "1-0"]
[Board "65"]
[TimeControl "180+1"]
[WhiteFideId "13500805"]
[BlackFideId "4508378"]
[WhiteElo "2223"]
[BlackElo "2430"]
[WhiteTeam "BLR"]
[BlackTeam "EST"]
[WhiteClock "0:01:25"]
[BlackClock "0:00:10"]

1. e4 e5 2. Nf3 Nf6 3. Nc3 Nc6 4. g3 h5 5. Bg2 Bc5 6. O-O d6 7. h3 Be6 8. a3 Qd7 9. d3 Bxh3 10. Bg5 Be6 11. b4 Bb6 12. Rb1 Nd4 13. Nxd4 Bxd4 14. Ne2 Bb6 15. c4 a6 16. Qc2 Ng4 17. c5 Ba7 18. d4 f6 19. Bd2 h4 20. d5 Bf7 21. Bf3 hxg3 22. Nxg3 Nh2 23. Bg2 Nxf1 24. Kxf1 O-O 25. Ke2 Qb5+ 26. Ke1 dxc5 27. Bf1 c4 28. Bxc4 Qd7 29. Qd1 Qh3 30. Qf3 Qh2 31. Ke2 Qh7 32. Rh1 Qg6 33. Nf5 c6 34. Ne7# 1-0

[Event "January 9 Early 2024"]
[Site "https://www.chess.com"]
[Date "2024.01.11"]
[Round "4"]
[White "Bacrot, Etienne"]
[Black "Cori T., Deysi"]
[Result "1-0"]
[Board "66"]
[TimeControl "180+1"]
[WhiteFideId "605506"]
[BlackFideId "3801934"]
[WhiteElo "2835"]
[BlackElo "2598"]
[WhiteTeam "FRA"]
[BlackTeam "PER"]
[WhiteClock "0:01:04"]
[BlackClock "0:00:20"]

1. e4 g6 2. d4 Bg7 3. Nc3 d6 4. h4 h5 5. Bc4 a6 6. a4 Bg4 7. f3 Bd7 8. Be3 e6 9. Qd2 c6 10. Nh3 Qxh4+ 11. Nf2 Qe7 12. Bg5 Bf6 13. Bxf6 Qxf6 14. e5 dxe5 15. Nce4 Qg7 16. Nd6+ Kf8 17. Qb4 Ne7 18. Qxb7 exd4 19. f4 d3 20. Qxa8 Qxb2 21. O-O Kg7 22. Rab1 Qd4 23. Rxb8 Rxb8 24. Qxb8 dxc2 25. Ne8+ Bxe8 26. Qe5+ Qxe5 27. fxe5 c5 28. Bb3 Nf5 29. Bxc2 Ne3 30. Rc1 1-0

[Event "January 9 Early 2024"]
[Site "https://www.chess.com"]
[Date "2024.01.11"]
[Round "4"]
[White "Radjabov, Teimour"]
[Black "Khripachenko, Alexander"]
[Result "0-1"]
[Board "67"]
[TimeControl "180+1"]
[WhiteFideId "13400924"]
[BlackFideId "54184975"]
[WhiteElo "3018"]
[BlackElo "2832"]
[WhiteTeam "AZE"]
[BlackTeam "FID"]
[WhiteClock "0:00:25"]
[BlackClock "0:01:08"]

1. c4 e6 2. Nc3 d5 3. d4 Be7 4. cxd5 exd5 5. Bf4 c6 6. Qc2 g6 7. Nf3 Bf5 8. Qc1 Nf6 9. h3 O-O 10. e3 Nbd7 11. Be2 Re8 12. a3 a5 13. O-O Ne4 14. Bh2 Bf8 15. b3 Qb6 16. Nxe4 Bxe4 17. Nd2 Bf5 18. Qc3 Rac8 19. Bf3 Nf6 20. g4 Be6 21. Rfc1 Nd7 22. Bg2 c5 23. Nf3 cxd4 24. Qxd4 Rxc1+ 25. Rxc1 Qxb3 26. Rc7 Bg7 27. Qa7 Qd1+ 0-1

[Event "January 9 Early 2024"]
[Site "https://www.chess.com"]
[Date "2024.01.11"]
[Round "4"]
[White "Wagner, Dennis"]
[Black "Skuhala, Jernej"]
[Result "1-0"]
[Board "68"]
[TimeControl "180+1"]
[WhiteFideId "24650684"]
[BlackFideId "14605651"]
[WhiteElo "2751"]
[BlackElo "2542"]
[WhiteTeam "GER"]
[BlackTeam "SLO"]
[WhiteClock "0:01:03"]
[BlackClock "0:00:05"]

1. Nf3 Nf6 2. c4 e6 3. Nc3 d5 4. e3 Bb4 5. Qa4+ Nc6 6. d4 Bd7 7. Qc2 O-O 8. Bd2 dxc4 9. Bxc4 Bd6 10. O-O e5 11. h3 exd4 12. exd4 h6 13. a3 Qc8 14. Bxh6 Bf5 15. Qd2 gxh6 16. Qxh6 Nh7 17. Rae1 Re8 18. Ng5 Rxe1 19. Bxf7+ Kh8 20. Nxh7 Rxf1+ 21. Kxf1 Bd3+ 22. Kg1 1-0

[Event "January 9 Early 2024"]
[Site "https://www.chess.com"]
[Date "2024.01.11"]
[Round "4"]
[White "Skaric, Djuro"]
[Black "Tilahun , Abel Mathewos"]
[Result "1-0"]
[Board "69"]
[TimeControl "180+1"]
[WhiteFideId "934569"]
[BlackFideId "15702391"]
[WhiteElo "2294"]
[BlackElo "2021"]
[WhiteTeam "SRB"]
[BlackTeam "ETH"]
[WhiteClock "0:01:33"]
[BlackClock "0:00:01"]

1. g3 d5 2. Bg2 Nf6 3. d3 e5 4. Nf3 c6 5. O-O Bd6 6. Nc3 O-O 7. e4 Be6 8. h3 Nbd7 9. Ng5 h6 10. Nxe6 fxe6 11. f4 Qe8 12. fxe5 Nxe5 13. d4 Nxe4 14. Nxe4 Rxf1+ 15. Bxf1 dxe4 16. dxe5 Bxe5 17. Bf4 Rd8 18. Qg4 Bxb2 19. Rb1 Bd4+ 20. Kg2 Qf7 21. Bc4 Re8 22. Rf1 Qd7 23. Bxh6 b5 24. Bb3 a5 25. a3 a4 26. Ba2 e3 27. Bg5 Bc5 28. Re1 Qd2+ 29. Re2 Qd6 30. Bxe3 Bxe3 31. Rxe3 1-0

[Event "January 9 Early 2024"]
[Site "https://www.chess.com"]
[Date "2024.01.11"]
[Round "4"]
[White "Tomb, Maroun"]
[Black "Aronian, Levon"]
[Result "0-1"]
[Board "70"]
[TimeControl "180+1"]
[WhiteFideId "5300398"]
[BlackFideId "13300474"]
[WhiteElo "2592"]
[BlackElo "3089"]
[WhiteTeam "LBN"]
[BlackTeam "USA"]
[WhiteClock "0:00:16"]
[BlackClock "0:00:59"]

1. e4 c5 2. Ne2 Nf6 3. Nbc3 d6 4. g3 e5 5. Bg2 Nc6 6. d3 g6 7. f4 Bg7 8. O-O O-O 9. h3 Nd4 10. g4 b5 11. Nxd4 cxd4 12. Nxb5 Ba6 13. a4 Qb6 14. g5 Nh5 15. f5 f6 16. h4 Rac8 17. fxg6 hxg6 18. Bh3 d5 19. gxf6 Bxf6 20. Qg4 Kg7 21. exd5 Rxc2 22. Bg5 Bc8 23. Qf3 Be7 24. Bxc8 Rxf3 25. Rxf3 Bxg5 26. hxg5 Rxc8 27. Raf1 Nf4 28. d6 Qb7 29. Nc7 Rxc7 30. dxc7 Qxc7 0-1

[Event "January 9 Early 2024"]
[Site "https://www.chess.com"]
[Date "2024.01.11"]
[Round "4"]
[White "Livaic, Leon"]
[Black "Baules Rodriguez, Jorge Luis"]
[Result "1-0"]
[Board "71"]
[TimeControl "180+1"]
[WhiteFideId "14531534"]
[BlackFideId "6600247"]
[WhiteElo "2925"]
[BlackElo "2552"]
[WhiteTeam "CRO"]
[BlackTeam "PAN"]
[WhiteClock "0:01:02"]
[BlackClock "0:00:07"]

1. d4 Nf6 2. c4 g6 3. Nc3 d5 4. cxd5 Nxd5 5. e4 Nxc3 6. bxc3 Bg7 7. Bc4 c5 8. Ne2 Nc6 9. Be3 O-O 10. h4 cxd4 11. cxd4 b5 12. Bb3 Qa5+ 13. Kf1 Bg4 14. f3 Bd7 15. h5 Rad8 16. Kf2 Qb4 17. hxg6 hxg6 18. a3 Qd6 19. e5 Qb8 20. Qc1 Rc8 21. Qd2 Rfd8 22. Bh6 Bh8 23. Bf8 Bxe5 24. dxe5 Qb6+ 25. Kg3 Bh3 26. Qh6 Rxf8 27. Qxg6+ 1-0

[Event "January 9 Early 2024"]
[Site "https://www.chess.com"]
[Date "2024.01.11"]
[Round "4"]
[White "Garakov, Mikhael"]
[Black "Yonal, Timur"]
[Result "1-0"]
[Board "72"]
[TimeControl "180+1"]
[WhiteFideId "4169034"]
[BlackFideId "44115725"]
[WhiteElo "2662"]
[BlackElo "2287"]
[WhiteTeam "RUS"]
[BlackTeam "TUR"]
[WhiteClock "0:00:58"]
[BlackClock "0:00:30"]

1. e4 c5 2. Nf3 d6 3. d4 cxd4 4. Nxd4 Nf6 5. Nc3 a6 6. f4 e5 7. Nf3 Nc6 8. Bc4 Be7 9. O-O O-O 10. Kh1 b5 11. Bd5 Bb7 12. a3 Qc7 13. fxe5 dxe5 14. Bg5 Rfd8 15. Qe1 h6 16. Bxf6 Bxf6 17. Nh4 Nd4 18. Rxf6 gxf6 19. Qg3+ Kf8 20. Rf1 Ke7 21. Qf2 Rd6 22. Bxb7 Qxb7 23. Nd5+ Kd7 24. c3 Ne6 25. Nf5 Rxd5 26. exd5 Qxd5 27. Ne3 Qe4 28. Rd1+ Ke7 29. Nd5+ Kf8 30. Qxf6 Rd8 31. Qh8# 1-0

[Event "January 9 Early 2024"]
[Site "https://www.chess.com"]
[Date "2024.01.11"]
[Round "4"]
[White "Fernandez Siles, Luis"]
[Black "Salman, Ilhan Serhat"]
[Result "0-1"]
[Board "73"]
[TimeControl "180+1"]
[WhiteFideId "2209420"]
[BlackFideId "6361579"]
[WhiteElo "2287"]
[BlackElo "2501"]
[WhiteTeam "ESP"]
[BlackTeam "TUR"]
[WhiteClock "0:00:07"]
[BlackClock "0:01:00"]

1. e4 d5 2. Nc3 dxe4 3. Nxe4 Qd5 4. Nc3 Qa5 5. g3 Nf6 6. Bg2 c6 7. Nge2 Bg4 8. h3 Bh5 9. b4 Qc7 10. Rb1 e6 11. O-O Bd6 12. b5 O-O 13. bxc6 bxc6 14. Nb5 Qe7 15. Nxd6 Qxd6 16. d3 Nbd7 17. Qd2 Rab8 18. Bb2 Nd5 19. Ba1 Qa3 20. c4 Nb4 21. Nf4 Bg6 22. Nxg6 hxg6 23. Bxc6 Nxc6 24. d4 Qa5 25. Qd3 Qf5 26. Qa3 Rxb1 0-1

[Event "January 9 Early 2024"]
[Site "https://www.chess.com"]
[Date "2024.01.11"]
[Round "4"]
[White "Vestby-Ellingsen, Mads"]
[Black "Mikhailovsky, Vladimir"]
[Result "1-0"]
[Board "74"]
[TimeControl "180+1"]
[WhiteFideId "1520857"]
[BlackFideId "34105414"]
[WhiteElo "2623"]
[BlackElo "2834"]
[WhiteTeam "NOR"]
[BlackTeam "RUS"]
[WhiteClock "0:00:51"]
[BlackClock "0:00:37"]

1. e4 c5 2. Nf3 e6 3. d4 cxd4 4. Bg5 f6 5. Bc1 Nc6 6. Nxd4 Bc5 7. Qh5+ g6 8. Qxc5 b6 9. Nxc6 Qc7 10. Qa3 dxc6 11. Nc3 Ne7 12. Be3 e5 13. O-O-O Be6 14. Qd6 Qc8 15. Ba6 Qd7 16. Qxd7+ Bxd7 17. Bc4 O-O-O 18. Bh6 b5 19. Bb3 c5 20. Nd5 Nc6 21. c3 c4 22. Bc2 f5 23. exf5 gxf5 24. f4 e4 25. Ne3 Rhg8 26. Bg5 Rdf8 27. g3 Rg6 28. Rd5 h6 29. Bh4 a6 30. Rhd1 Be6 31. Rd6 Kc7 32. a3 Rf7 33. R6d2 Na5 34. Bd8+ 1-0

[Event "January 9 Early 2024"]
[Site "https://www.chess.com"]
[Date "2024.01.11"]
[Round "4"]
[White "Mortazavi, Ali"]
[Black "Kohler, Aran"]
[Result "1-0"]
[Board "75"]
[TimeControl "180+1"]
[WhiteFideId "401323"]
[BlackFideId "1002856"]
[WhiteElo "2555"]
[BlackElo "2252"]
[WhiteTeam "ENG"]
[BlackTeam "NED"]
[WhiteClock "0:01:09"]
[BlackClock "0:00:13"]

1. e4 c6 2. Nc3 d5 3. Qf3 d4 4. Bc4 e6 5. Nce2 c5 6. Qg3 Nc6 7. d3 a6 8. a4 Rb8 9. f4 Nf6 10. Nf3 b5 11. axb5 axb5 12. Bb3 Be7 13. e5 Nh5 14. Qh3 g6 15. Ng3 Nxg3 16. hxg3 h5 17. g4 h4 18. g5 c4 19. dxc4 d3 20. O-O bxc4 21. Ba4 Bd7 22. Be3 Rxb2 23. cxd3 cxd3 24. Rfd1 O-O 25. Rxd3 Qc7 26. Rc1 Rc8 27. Qxh4 Qb7 28. Bf2 Nxe5 29. Rxc8+ Qxc8 30. Nxe5 Bxa4 31. Rh3 Qc1+ 32. Kh2 Qxf4+ 33. Qxf4 1-0

[Event "January 9 Early 2024"]
[Site "https://www.chess.com"]
[Date "2024.01.11"]
[Round "4"]
[White "Poddubnyi, Viktor"]
[Black "Aradhya, Garg"]
[Result "0-1"]
[Board "76"]
[TimeControl "180+1"]
[WhiteFideId "4141989"]
[BlackFideId "25006746"]
[WhiteElo "2425"]
[BlackElo "2714"]
[WhiteTeam "RUS"]
[BlackTeam "IND"]
[WhiteClock "0:00:02"]
[BlackClock "0:01:03"]

1. e4 e5 2. f4 d5 3. exd5 exf4 4. Nf3 Nf6 5. c4 c6 6. d4 cxd5 7. Bxf4 Nc6 8. Nc3 Bb4 9. Be2 dxc4 10. O-O Be6 11. Bg5 O-O 12. d5 Bxc3 13. dxe6 Bxb2 14. exf7+ Kh8 15. Bxc4 Bxa1 16. Qxa1 Qd6 17. Kh1 Na5 18. Rd1 Qc6 19. Ne5 Qb6 20. Bf1 Ne4 21. Qd4 Nf2+ 0-1

[Event "January 9 Early 2024"]
[Site "https://www.chess.com"]
[Date "2024.01.11"]
[Round "4"]
[White "Elissalt Cardenas, Hector"]
[Black "Skurikhin, Dmitrij"]
[Result "0-1"]
[Board "77"]
[TimeControl "180+1"]
[WhiteFideId "3500632"]
[BlackFideId "4161297"]
[WhiteElo "2338"]
[BlackElo "2189"]
[WhiteTeam "ESP"]
[BlackTeam "RUS"]
[WhiteClock "0:00:30"]
[BlackClock "0:00:56"]

1. d4 d5 2. c4 c6 3. cxd5 cxd5 4. Bf4 Nf6 5. e3 Nc6 6. Bd3 a6 7. h3 g6 8. Nd2 Bf5 9. Bxf5 gxf5 10. Ngf3 e6 11. Ne5 Bd6 12. O-O Bxe5 13. Bxe5 Nxe5 14. dxe5 Nd7 15. f4 Qb6 16. Qb3 Rc8 17. Rac1 Rxc1 18. Rxc1 Qxb3 19. Nxb3 Kd8 20. Na5 b5 21. Nb7+ Ke7 22. Rc7 Ra8 23. Nc5 Rd8 24. Nxa6 Ke8 25. Rb7 Rc8 26. Rxb5 Rc1+ 27. Kf2 Rc2+ 28. Kf3 f6 29. exf6 Nxf6 30. Nc5 h5 31. g3 Ne4 32. Nd3 Rd2 33. Rb3 Rc2 34. Rc3 Nxc3 0-1

[Event "January 9 Early 2024"]
[Site "https://www.chess.com"]
[Date "2024.01.11"]
[Round "4"]
[White "Demin, Vladimir"]
[Black "Lima, Stefan Moisei VIeira"]
[Result "1-0"]
[Board "78"]
[TimeControl "180+1"]
[WhiteFideId "4167457"]
[BlackFideId "22782273"]
[WhiteElo "2600"]
[BlackElo "2440"]
[WhiteTeam "RUS"]
[BlackTeam "BRA"]
[WhiteClock "0:01:11"]
[BlackClock "0:00:04"]

1. d4 a6 2. e4 g6 3. h4 h6 4. a4 Bg7 5. Be3 d6 6. Nc3 Nf6 7. f3 c6 8. a5 Nbd7 9. Bc4 O-O 10. Qd2 Kh7 11. g4 e5 12. Nh3 exd4 13. Bxd4 d5 14. exd5 Re8+ 15. Kf1 cxd5 16. Bd3 Ne5 17. Kg2 Bd7 18. h5 Nxd3 19. Qxd3 Ng8 20. Bxg7 Kxg7 21. hxg6 fxg6 22. Nxd5 Bc6 23. Nhf4 Qd6 24. Rad1 Rad8 25. c4 Qe5 26. Qxg6+ Kf8 27. Rxh6 Nxh6 28. Qxh6+ Kf7 29. Qh7+ Kf8 30. Ng6# 1-0

[Event "January 9 Early 2024"]
[Site "https://www.chess.com"]
[Date "2024.01.11"]
[Round "4"]
[White "Vila Dupla, Aurelio"]
[Black "Gevorgyan, Maria"]
[Result "0-1"]
[Board "79"]
[TimeControl "180+1"]
[WhiteFideId "2203383"]
[BlackFideId "13300270"]
[WhiteElo "2177"]
[BlackElo "2433"]
[WhiteTeam "ESP"]
[BlackTeam "ARM"]
[WhiteClock "0:00:14"]
[BlackClock "0:01:00"]

1. Nf3 d5 2. d4 g6 3. g3 Bg7 4. Bg2 Nf6 5. O-O O-O 6. c4 dxc4 7. Na3 Be6 8. Ng5 Bd5 9. e4 h6 10. exd5 hxg5 11. d6 exd6 12. Bxb7 Nbd7 13. Bxa8 Qxa8 14. Nxc4 g4 15. Ne3 Qe4 16. b3 Rb8 17. Bb2 Rb5 18. d5 Nxd5 19. Nxd5 Rxd5 20. Qc1 Bxb2 21. Qxb2 Ne5 22. f4 Nf3+ 23. Rxf3 gxf3 24. Qf2 Rc5 25. Re1 Qd5 26. Qb2 Qc6 27. f5 Rc2 28. Re8+ Qxe8 29. Qxc2 Qe1# 0-1

[Event "January 9 Early 2024"]
[Site "https://www.chess.com"]
[Date "2024.01.11"]
[Round "4"]
[White "Paikens, Reinis"]
[Black "Tiarks, Jann-Christian"]
[Result "1-0"]
[Board "80"]
[TimeControl "180+1"]
[WhiteFideId "11624078"]
[BlackFideId "12951595"]
[WhiteElo "2266"]
[BlackElo "2457"]
[WhiteTeam "LAT"]
[BlackTeam "GER"]
[WhiteClock "0:00:55"]
[BlackClock "0:00:32"]

1. c4 c5 2. Nc3 Nc6 3. g3 g6 4. Bg2 Bg7 5. e4 e5 6. Nge2 Nge7 7. O-O O-O 8. d3 d6 9. Rb1 a5 10. h3 f5 11. f4 Nd4 12. Nxd4 cxd4 13. Nd5 Nxd5 14. cxd5 fxe4 15. dxe4 Bd7 16. fxe5 Bxe5 17. Bf4 Bb5 18. Rf2 Rc8 19. Qd2 Qb6 20. Bf1 Bxf1 21. Rbxf1 Qc5 22. Kg2 Qc4 23. Bxe5 dxe5 24. Qg5 Rfe8 25. d6 Qe6 26. Rf6 Rc2+ 27. R1f2 Rxf2+ 28. Kxf2 Qxa2 29. d7 Qxb2+ 30. Kf3 Qb3+ 31. Kg4 Qd1+ 32. Kh4 Rd8 33. Rxg6+ hxg6 34. Qxd8+ Kg7 35. Qe7+ Kh6 36. Qg5+ Kg7 37. d8=Q 1-0

[Event "January 9 Early 2024"]
[Site "https://www.chess.com"]
[Date "2024.01.11"]
[Round "4"]
[White "Kislinsky, Alexey"]
[Black "Rose, Felix"]
[Result "1-0"]
[Board "81"]
[TimeControl "180+1"]
[WhiteFideId "14108801"]
[BlackFideId "5105722"]
[WhiteElo "2737"]
[BlackElo "2248"]
[WhiteTeam "CZE"]
[BlackTeam "MEX"]
[WhiteClock "0:01:28"]
[BlackClock "0:00:04"]

1. e4 e5 2. Nf3 Nc6 3. Bb5 a6 4. Ba4 Nf6 5. d3 b5 6. Bb3 Bc5 7. c3 d6 8. O-O Bb6 9. Nbd2 O-O 10. Re1 Ne7 11. Nf1 Ng6 12. h3 h6 13. Ng3 Re8 14. Bc2 c5 15. d4 cxd4 16. cxd4 exd4 17. Nxd4 d5 18. Ndf5 dxe4 19. Nd6 Re6 20. Ndxe4 Qxd1 21. Rxd1 Bb7 22. Nxf6+ Rxf6 23. Be3 Bxe3 24. fxe3 Rc8 25. Bb3 Nh4 26. e4 Rg6 27. Kh2 Re8 28. Rd7 Bxe4 29. Bxf7+ Kh7 30. Bxg6+ Bxg6 31. Rc1 Re3 32. Rcc7 Nf5 33. Nxf5 Bxf5 34. Rxg7+ Kh8 35. Rgf7 Bh7 36. Rf8+ 1-0

[Event "January 9 Early 2024"]
[Site "https://www.chess.com"]
[Date "2024.01.11"]
[Round "4"]
[White "Crocker, Philip J"]
[Black "Zgadzaj, Rafal"]
[Result "0-1"]
[Board "82"]
[TimeControl "180+1"]
[WhiteFideId "403180"]
[BlackFideId "1113712"]
[WhiteElo "2114"]
[BlackElo "2333"]
[WhiteTeam "ENG"]
[BlackTeam "POL"]
[WhiteClock "0:00:01"]
[BlackClock "0:01:32"]

1. d4 d5 2. Bf4 Nd7 3. e3 f6 4. c4 e5 5. Bg3 Bb4+ 6. Nc3 dxc4 7. Bxc4 Nb6 8. Ne2 exd4 9. exd4 Bxc3+ 10. bxc3 Nxc4 11. Qa4+ c6 12. Qxc4 Qd5 13. Qxd5 cxd5 14. Rb1 Ne7 15. Nf4 g5 16. Nd3 Kf7 17. Kd2 b6 18. Rhe1 Bf5 19. Bd6 Nc6 20. Re3 Rad8 21. Ba3 Rhe8 22. Rbe1 Na5 23. Rxe8 Rxe8 24. Rxe8 Kxe8 25. Bc1 Nc4+ 26. Ke2 a5 27. Nb2 Nd6 28. Na4 Nc4 29. Nb2 Nd6 30. Na4 Nc8 31. Ba3 Kd7 32. Kd2 Bb1 33. h4 gxh4 34. Bc1 Bxa2 35. Ke3 Bb3 36. Nb2 Nd6 37. Kf4 a4 38. Nd3 Nc4 39. Kf5 a3 0-1

[Event "January 9 Early 2024"]
[Site "https://www.chess.com"]
[Date "2024.01.11"]
[Round "4"]
[White "Gholami Orimi, Mahdi"]
[Black "Korchynskyi, Mykola"]
[Result "1-0"]
[Board "83"]
[TimeControl "180+1"]
[WhiteFideId "12558486"]
[BlackFideId "34138005"]
[WhiteElo "2878"]
[BlackElo "2614"]
[WhiteTeam "IRI"]
[BlackTeam "UKR"]
[WhiteClock "0:01:19"]
[BlackClock "0:00:02"]

1. h3 d5 2. a3 e5 3. b4 c5 4. Bb2 Nd7 5. bxc5 Bxc5 6. e3 d4 7. Nf3 Qb6 8. Qc1 Ngf6 9. Be2 O-O 10. O-O Rd8 11. a4 a5 12. Na3 dxe3 13. dxe3 e4 14. Nd2 Qc7 15. Nb5 Qb8 16. Nb3 Be7 17. Rd1 b6 18. N3d4 Bb7 19. Nf5 Bc5 20. Bc4 Bc6 21. Nbd6 Rf8 22. Qd2 Qc7 23. Ne7+ Kh8 24. Nxc6 Qxc6 25. Nxf7+ Rxf7 26. Bxf7 Rf8 27. Bc4 Qc7 28. Qc3 h6 29. Be6 Nb8 30. Qc4 Nc6 31. Bxf6 Rxf6 32. Qxe4 Nb4 33. Rd7 Qb8 34. c3 Rf8 1-0

[Event "January 9 Early 2024"]
[Site "https://www.chess.com"]
[Date "2024.01.11"]
[Round "4"]
[White "Bharadia Yash"]
[Black "Devaev, Alexander"]
[Result "1-0"]
[Board "84"]
[TimeControl "180+1"]
[WhiteFideId "45087822"]
[BlackFideId "4169395"]
[WhiteElo "2429"]
[BlackElo "2510"]
[WhiteTeam "IND"]
[BlackTeam "RUS"]
[WhiteClock "0:01:05"]
[BlackClock "0:00:07"]

1. e4 c6 2. d4 d5 3. exd5 cxd5 4. Bd3 Nc6 5. c3 g6 6. h3 Nf6 7. Nf3 Bf5 8. O-O e6 9. Re1 Bd6 10. Bb5 Nd7 11. Bg5 Qc7 12. Nbd2 h6 13. Be3 g5 14. c4 a6 15. Ba4 dxc4 16. d5 Nce5 17. Bd4 O-O 18. Bxd7 Nxd7 19. dxe6 Bxe6 20. Nxg5 hxg5 21. Qh5 f6 22. Rxe6 Be5 23. Qg6+ Kh8 24. Re7 1-0

[Event "January 9 Early 2024"]
[Site "https://www.chess.com"]
[Date "2024.01.11"]
[Round "4"]
[White "Can, Melih Kaan"]
[Black "Skliarov, Viktor"]
[Result "0-1"]
[Board "85"]
[TimeControl "180+1"]
[WhiteFideId "6317383"]
[BlackFideId "14106736"]
[WhiteElo "2386"]
[BlackElo "2667"]
[WhiteTeam "TUR"]
[BlackTeam "UKR"]
[WhiteClock "0:00:49"]
[BlackClock "0:00:15"]

1. e4 c5 2. Nc3 Nc6 3. g3 g6 4. Bg2 Bg7 5. d3 d6 6. f4 Rb8 7. Nf3 b5 8. O-O e6 9. Rb1 b4 10. Ne2 Qa5 11. Be3 Nge7 12. d4 cxd4 13. Nfxd4 O-O 14. Nxc6 Nxc6 15. Qxd6 Ba6 16. Qxc6 Bxe2 17. Rfe1 Bb5 18. Qd6 Rfd8 19. Qe7 Rd7 20. Qg5 Qxa2 21. e5 Rc8 22. c3 Bd3 23. Ra1 Qxb2 24. cxb4 Rc2 25. Bf1 Bxf1 26. Kxf1 Rxh2 27. Bd2 Qxd2 28. Reb1 Qf2# 0-1

[Event "January 9 Early 2024"]
[Site "https://www.chess.com"]
[Date "2024.01.11"]
[Round "4"]
[White "Wendt, Jan-Dietrich"]
[Black "Horak, Martin"]
[Result "0-1"]
[Board "86"]
[TimeControl "180+1"]
[WhiteFideId "4623797"]
[BlackFideId "367095"]
[WhiteElo "2351"]
[BlackElo "2526"]
[WhiteTeam "GER"]
[BlackTeam "CZE"]
[WhiteClock "0:00:03"]
[BlackClock "0:01:06"]

1. Nf3 d5 2. c4 e6 3. g3 Nf6 4. Bg2 Be7 5. O-O O-O 6. b3 d4 7. Bb2 c5 8. e3 Nc6 9. exd4 cxd4 10. Na3 e5 11. d3 Nd7 12. Nc2 a5 13. Ba3 Nb4 14. Qd2 Qb6 15. Bxb4 axb4 16. Rfe1 Bd6 17. Ng5 h6 18. Ne4 Be7 19. f4 f5 20. Nf2 Bf6 21. fxe5 Nxe5 22. Kh1 Bd7 23. Nh3 Bc6 24. Nf4 Bg5 25. Nd5 Bxd2 26. Nxb6 Bxe1 27. Bxc6 Nxc6 28. Rxe1 Rxa2 29. Re2 Kf7 30. Kg2 Re8 0-1

[Event "January 9 Early 2024"]
[Site "https://www.chess.com"]
[Date "2024.01.11"]
[Round "4"]
[White "Mizzi, Jack"]
[Black "Sieciechowicz, Marcin"]
[Result "1-0"]
[Board "87"]
[TimeControl "180+1"]
[WhiteFideId "5602521"]
[BlackFideId "1130170"]
[WhiteElo "2501"]
[BlackElo "2682"]
[WhiteTeam "MLT"]
[BlackTeam "POL"]
[WhiteClock "0:00:16"]
[BlackClock "0:01:11"]

1. d4 Nf6 2. c4 g6 3. g3 Bg7 4. Bg2 O-O 5. Nf3 d6 6. O-O Nc6 7. Nc3 a6 8. Qc2 Bd7 9. Rd1 Rb8 10. b3 b5 11. cxb5 axb5 12. Bb2 e6 13. e4 Qe7 14. Qe2 b4 15. Nb1 Rfc8 16. Nbd2 Na5 17. Nc4 Bb5 18. Rac1 Nxe4 19. Qxe4 d5 20. Qe2 dxc4 21. bxc4 Ba6 22. Ne5 c5 23. dxc5 Rxc5 24. Nd7 Rbc8 25. Bxg7 Kxg7 26. Qb2+ e5 27. Qxb4 Nxc4 28. Nxc5 Qxc5 29. Qxc5 Rxc5 30. Bf1 Rc6 31. Rc3 Bb5 32. Rdc1 Ra6 33. Bxc4 Bxc4 34. Rxc4 Rxa2 35. Kg2 h5 36. Rc7 e4 37. Re7 Ra6 38. Rcc7 Rf6 39. Rxe4 Rf5 40. Rf4 1-0

[Event "January 9 Early 2024"]
[Site "https://www.chess.com"]
[Date "2024.01.11"]
[Round "4"]
[White "Volkov, Maksim"]
[Black "Harriott, Tyrell"]
[Result "1-0"]
[Board "88"]
[TimeControl "180+1"]
[WhiteFideId "54123070"]
[BlackFideId "2086484"]
[WhiteElo "2665"]
[BlackElo "2356"]
[WhiteTeam "RUS"]
[BlackTeam "USA"]
[WhiteClock "0:00:37"]
[BlackClock "0:00:30"]

1. e4 d5 2. exd5 Nf6 3. d4 Qxd5 4. Nc3 Qd6 5. g3 a6 6. Bg2 Nc6 7. Nge2 Bg4 8. Bf4 e5 9. dxe5 Nxe5 10. O-O O-O-O 11. Bxe5 Qxe5 12. Bxb7+ Kxb7 13. Qxd8 Bd6 14. Qxh8 Bf3 15. Qxg7 Qh5 16. Qxf6 Bc6 17. Nd4 Bd7 18. Qf3+ Qxf3 19. Nxf3 Bc6 20. Nd4 Bd7 21. Rad1 f5 22. Rfe1 f4 23. Nb3 Bg4 24. Rxd6 cxd6 25. gxf4 Kc6 26. Re7 h6 27. Nd4+ Kc5 28. Ne6+ Kc6 29. Rc7+ Kb6 30. Nd5+ Ka5 31. Nd4 h5 32. Rc3 Bd7 33. Ra3+ Ba4 34. b4# 1-0

[Event "January 9 Early 2024"]
[Site "https://www.chess.com"]
[Date "2024.01.11"]
[Round "4"]
[White "Samunenkov, Ihor"]
[Black "Kevlishvili, Robby"]
[Result "1/2-1/2"]
[Board "89"]
[TimeControl "180+1"]
[WhiteFideId "14187086"]
[BlackFideId "1040634"]
[WhiteElo "2765"]
[BlackElo "2969"]
[WhiteTeam "UKR"]
[BlackTeam "NED"]
[WhiteClock "0:00:29"]
[BlackClock "0:01:17"]

1. d4 Nf6 2. c4 g6 3. Nf3 Bg7 4. g3 b6 5. Bg2 Bb7 6. O-O O-O 7. d5 e6 8. Nc3 exd5 9. cxd5 Re8 10. Re1 Ne4 11. Nxe4 Rxe4 12. Bg5 Qf8 13. Qc2 Re8 14. Qxc7 Bxd5 15. Rad1 Bc6 16. Nd4 Be5 17. Bxc6 Nxc6 18. Qxd7 Nxd4 19. Rxd4 Bxd4 20. Qxd4 Qc5 21. Qxc5 bxc5 22. Bf6 Re6 23. Bc3 Rd8 24. e3 Red6 25. Kg2 f6 26. Rc1 Kf7 27. h4 Rd5 28. Kf3 R8d6 29. Ke2 h5 30. Rh1 Ra6 31. a3 Re6 32. Kf3 Kg7 33. Ke2 Kh6 34. Rc1 g5 35. Rh1 Kg6 36. Kf3 g4+ 37. Ke2 Kf5 38. Rc1 Ke4 39. Be1 Rb6 40. Rc4+ Ke5 41. Bc3+ Ke6 42. e4 Rd7 43. Rxc5 Rh7 44. Ke3 Rd6 45. Rf5 Rh6 46. Ra5 Rh7 47. Rf5 Rh6 48. Ra5 Rh7 49. Rf5 1/2-1/2

[Event "January 9 Early 2024"]
[Site "https://www.chess.com"]
[Date "2024.01.11"]
[Round "4"]
[White "Fernandez Hernandez, Gerardo"]
[Black "Mammadzada, Gunay"]
[Result "0-1"]
[Board "90"]
[TimeControl "180+1"]
[WhiteFideId "2207400"]
[BlackFideId "13403729"]
[WhiteElo "2313"]
[BlackElo "2513"]
[WhiteTeam "ESP"]
[BlackTeam "AZE"]
[WhiteClock "0:00:28"]
[BlackClock "0:00:29"]

1. e4 c5 2. d3 d6 3. g3 g6 4. Bg2 Bg7 5. f4 e6 6. Nf3 Ne7 7. O-O O-O 8. c3 Nbc6 9. Be3 b6 10. d4 cxd4 11. cxd4 d5 12. e5 Ba6 13. Re1 Rc8 14. Nc3 Na5 15. Rc1 Nc4 16. Qe2 b5 17. Bf2 Qa5 18. b3 b4 19. bxc4 bxc3 20. Qc2 Rxc4 21. Bf1 Rc7 22. Re3 Rfc8 23. g4 Bxf1 24. Kxf1 Rc4 25. Be1 Qa6 26. Rxc3 Rxc3+ 27. Qe2 Qxe2+ 0-1